 Dungeon Crawl Stone Soup version 0.29.0-4-gdea44cf6ec (webtiles) character file.

Game seed: 15526485625573494075

56 qw the Ruffian (level 3, -1/28 HPs)
             Began as a Ghoul Fire Elementalist on Aug 29, 2022.
             Slain by an orc
             ... wielding a +0 short sword
              (4 damage)
             ... on level 2 of the Dungeon.
             The game lasted 00:01:06 (1365 turns).

qw the Ruffian (Ghoul Fire Elementalist)            Turns: 1365, Time: 00:01:07

Health: -1/28      AC:  6    Str: 13    XL:     3   Next: 95%
Magic:  4/4        EV:  9    Int: 10    God:
Gold:   65         SH:  0    Dex:  9    Spells: 4/5 levels left

rFire   . . .      SeeInvis .     - Unarmed
rCold   + . .      Faith    .   (no shield)
rNeg    + + +      Spirit   .   g - +0 scale mail
rPois   inf        Reflect  .   (no helmet)
rElec   .          Harm     .   (no cloak)
rCorr   .          Rampage  .   (no gloves)
Will    .....                   (no boots)
Stlth   ..........              (no amulet)
HPRegen 0.00/turn               (no ring)
MPRegen 0.09/turn               (no ring)

@: inhibited regen
A: claws 1, cold resistance 1, negative energy resistance 3, inhibited
regeneration, torment resistance 2, devour on kill
a: no special abilities


You were on level 2 of the Dungeon.
You visited 1 branch of the dungeon, and saw 2 of its levels.

You collected 147 gold pieces.
You spent 82 gold pieces at shops.


Innate Abilities, Weirdness & Mutations

You are immune to poison.
You have sharp fingernails.
Your flesh is cold resistant. (rC+)
You are immune to negative energy. (rN+++)
You do not regenerate when monsters are visible.
You are immune to unholy pain and torment.
You thrive by killing the living.


   Skills:
 - Level 1.0 Fighting
 - Level 1.7 Dodging
 - Level 2.1 Stealth
 + Level 3.5 Unarmed Combat
 - Level 1.7 Spellcasting
 - Level 0.7 Conjurations
 - Level 2.4 Fire Magic


You had 4 spell levels left.
You knew the following spells:

 Your Spells              Type           Power      Damage    Failure   Level
a - Foxfire               Conj/Fire      16%        2x1d4     63%         1

Your spell library contained the following spells:

 Spells                   Type           Power      Damage    Failure   Level
 Scorch                   Fire           10%        2d6       65%         2
 Conjure Flame            Conj/Fire      4%         6-21      94%         3
 Inner Flame              Hex/Fire       3%         N/A       96%         3
 Flame Wave               Conj/Fire      4%         2d5       100%        4

Inventory:

Armour
 g - a +0 scale mail (worn)
Scrolls
 f - 2 scrolls of identify
Potions
 a - a potion of flight {unknown}
 b - 2 potions of ambrosia {unknown}
 j - a potion of brilliance {unknown}

Dungeon Overview and Level Annotations

Branches:
Dungeon (2/15)

Altars:

Shops:
D:1 *


Message History

The kobold hits you but does no damage.
The orc priest calls upon Beogh to heal the orc.
The orc's wounds heal themselves!
You scratch the kobold but do no damage.
You scratch the kobold.
You kill the kobold!
You scratch the orc but do no damage. The orc hits you but does no damage.
The orc priest begins to cast a cantrip, but forgets the words!
You closely miss the orc. The orc closely misses you.
You scratch the orc but do no damage. The orc closely misses you.
You scratch the orc but do no damage. The orc barely misses you.
You scratch the orc.
The orc is lightly wounded.
The orc barely misses you.
You scratch the orc but do no damage.
The orc is lightly wounded.
The orc closely misses you.
You scratch the orc but do no damage.
The orc is lightly wounded.
The orc hits you with a +0 dagger.
You scratch the orc. You claw the orc.
You kill the orc!
You feel better.
You scratch the orc but do no damage. The orc hits you but does no damage.
You completely miss the orc. The orc hits you but does no damage.
You scratch the orc but do no damage. The orc hits you but does no damage.
You scratch the orc.
The orc is moderately wounded.
The orc hits you with a +0 short sword.
You scratch the orc but do no damage.
The orc is moderately wounded.
The orc hits you with a +0 short sword.
You die...

#..##.#..#..........
####..##.#..###.#..####
#...............#..#
#.##..##.########..# +
#...............###
#.###.#######...#.#
##.# #.#######.....#
#.o###...........#.#
#.oo@........#.###.##
#.o#########.........
#......... ##...#.###
..<..#.o.#. #.. #.#
#.#.o.. o... #. #.#
#.#.....


oo. }# #.# # #.....o ...$ #.# ....#... .. #.# #........ #.# You could see an orc
priest and 3 orcs.

Vanquished Creatures
  An orc wizard (D:2)
  3 dart slugs (D:1)
  2 orcs (D:2)
  An endoplasm (D:1)
  A goblin (D:1)
  A hobgoblin (D:2)
  3 quokkas
  3 ball pythons
  3 bats
  A frilled lizard (D:1)
  3 kobolds
  3 rats (D:1)
25 creatures vanquished.

Notes
Turn   | Place    | Note
-------+----------+-------------------------------------------
     0 | D:1      | qw the Ghoul Fire Elementalist began the quest for the Orb.
     0 | D:1      | Reached XP level 1. HP: 14/14 MP: 2/2
     0 | D:1      | 0 ||| qw: Version: 0.1-a-90-g952f4b7
     0 | D:1      | 0 ||| qw: Game counter: 3975
     0 | D:1      | 0 ||| qw: Always use a shield: true
     0 | D:1      | 0 ||| qw: God list: Okawaru
     0 | D:1      | 0 ||| qw: Allow faded altars: false
     0 | D:1      | 0 ||| qw: Do Orc after D:15 true
     0 | D:1      | 0 ||| qw: Do second Lair branch before Depths: true
     0 | D:1      | 0 ||| qw: Lair rune preference: random
     0 | D:1      | 0 ||| qw: Plans: Normal
     0 | D:1      | 0 ||| PLANNING D:1-11
    13 | D:1      | 13 ||| Stepping ~*~*~tactically~*~*~ (hiding).
    14 | D:1      | 14 ||| Stepping ~*~*~tactically~*~*~ (hiding).
   131 | D:1      | Reached skill level 1 in Unarmed Combat
   347 | D:1      | Reached skill level 1 in Fighting
   347 | D:1      | Reached XP level 2. HP: 23/23 MP: 3/3
   677 | D:1      | Reached skill level 2 in Unarmed Combat
   950 | D:1      | Found Ethroygi's Assorted Antiques.
   958 | D:1      | 958 ||| BUYING emerald potion (19 gold).
   958 | D:1      | Bought an emerald potion for 19 gold pieces
   958 | D:1      | 958 ||| BUYING purple potion (19 gold).
   958 | D:1      | Bought a purple potion for 19 gold pieces
   958 | D:1      | 958 ||| BUYING scroll labelled USUTIC QIUPUC (22 gold).
   958 | D:1      | Bought a scroll labelled USUTIC QIUPUC for 22 gold pieces
   958 | D:1      | 958 ||| BUYING scroll labelled USUTIC QIUPUC (22 gold).
   958 | D:1      | Bought a scroll labelled USUTIC QIUPUC for 22 gold pieces
   958 | D:1      | 958 ||| SHOPLISTING scroll labelled VIEPPA JUAL (22 gold,
                  | have 11).
   958 | D:1      | 958 ||| SHOPLISTING scroll labelled ZUVVEUSARGH (22 gold,
                  | have 11).
   958 | D:1      | 958 ||| SHOPLISTING silvery potion (19 gold, have 11).
  1078 | D:1      | 1078 ||| UPGRADING to +0 scale mail.
  1088 | D:1      | 1088 ||| DROPPING +0 robe.
  1089 | D:1      | 1089 ||| READING scroll labelled NUMUNL JYDA.
  1090 | D:1      | 1090 ||| READING 4 scrolls labelled USUTIC QIUPUC.
  1091 | D:1      | 1091 ||| READING scroll labelled DEAHAU ECSOESH.
  1092 | D:1      | 1092 ||| READING scroll labelled ZEIHAV YPAWEUDGH.
  1097 | D:1      | 1097 ||| READING 3 scrolls of identify.
  1097 | D:1      | 1097 ||| IDENTIFYING bubbling inky potion
  1098 | D:1      | 1098 ||| READING 2 scrolls of identify.
  1098 | D:1      | 1098 ||| IDENTIFYING emerald potion
  1099 | D:1      | 1099 ||| DROPPING potion of magic.
  1100 | D:1      | 1100 ||| DROPPING potion of invisibility.
  1101 | D:1      | 1101 ||| DROPPING potion of attraction.
  1227 | D:2      | Reached XP level 3. HP: 28/28 MP: 4/4
  1229 | D:2      | 1229 ||| Stepping ~*~*~tactically~*~*~ (stealth).
  1229 | D:2      | Found a faded altar of an unknown god.
  1231 | D:2      | 1231 ||| Stepping ~*~*~tactically~*~*~ (stealth).
  1232 | D:2      | 1232 ||| Stepping ~*~*~tactically~*~*~ (stealth).
  1327 | D:2      | 1327 ||| Stepping ~*~*~tactically~*~*~ (hiding).
  1334 | D:2      | 1334 ||| Stepping ~*~*~tactically~*~*~ (outnumbered).
  1344 | D:2      | HP: 4/28 [orc wizard/magic dart (9)]
  1348 | D:2      | Reached skill level 3 in Unarmed Combat
  1359 | D:2      | HP: 4/28 [orc/+0 dagger (3)]
  1364 | D:2      | HP: 3/28 [orc/+0 short sword (3)]
  1365 | D:2      | Slain by an orc

Levels and vault maps discovered:
D:1:      minmay_arrival_solitary_statue, layout_loops_ring, serial_shops,
          nicolae_shop_stone, minivault_24
D:2:      cheibrodos_pilgrimage, layout_basic, ebering_ecumenical_altar_box

Skill      XL: |  1  2  3 |
---------------+----------+-----
Unarmed Combat | 1 2 3 |  3.5
Fighting       | 1 |  1.0
Dodging        | |  1.7
Stealth        | |  2.1
Spellcasting   | |  1.7
Conjurations   | |  0.7
Fire Magic     | |  2.4

Action                   || total
-------------------------++-------
Melee: Unarmed           ||    98
       Punch             ||     1
  Use: Scroll            ||     6
 Stab: Distracted        ||     1
Armor: Robe              ||     6
       Scale mail        ||    14
Dodge: Dodged            ||    38

Table legend:
 A = Non-vault XP
 B = Vault XP
 C = Vault XP percentage of total XP
 D = Non-vault monster count
 E = Vault monster count
 F = Vault count percentage of total count
                 A         B        C        D         E       F
            +---------+---------+-------+---------+---------+-------
      Total |      39 |      41 |  51.2 |      22 |       3 |  12.0
            +---------+---------+-------+---------+---------+-------
        D:1 |      31 |       0 |   0.0 |      17 |       0 |   0.0
        D:2 |       8 |      41 |  83.7 |       5 |       3 |  37.5
            +---------+---------+-------+---------+---------+-------
